 Dungeon Crawl Stone Soup version 0.28.0-45-g0d030f2227 (webtiles) character file.

Game seed: 16763919128512373473

555 Faeu the Skirmisher (level 7, -3/61 HPs)
             Began as a Minotaur Fighter on Apr 2, 2022.
             Succumbed to a killer bee's poison
             ... on level 6 of the Dungeon.
             The game lasted 00:10:06 (3080 turns).

Faeu the Skirmisher (Minotaur Fighter)              Turns: 3080, Time: 00:10:07

Health: -3/61      AC:  9    Str: 20    XL:     7   Next: 8%
Magic:  6/6        EV:  8    Int:  5    God:
Gold:   202        SH:  5    Dex: 10    Spells: 6/6 levels left

rFire   . . .      SeeInvis .   n - +2 hand axe (elec) {axe}
rCold   . . .      Faith    .   c - +0 buckler
rNeg    . . .      Spirit   .   f - +0 chain mail
rPois   .          Reflect  .   (helmet unavailable)
rElec   .          Harm     .   (no cloak)
rCorr   .          Rampage  .   (no gloves)
Will    ++...                   (no boots)
Stlth   ..........              (no amulet)
HPRegen 0.20/turn               e - ring of willpower
MPRegen 0.10/turn               h - ring of willpower

@: lethally poisoned (-3 -> -30)
A: horns 3, retaliatory headbutt, high MP 1, weak 1
a: no special abilities


You were on level 6 of the Dungeon.
You visited 1 branch of the dungeon, and saw 6 of its levels.

You collected 202 gold pieces.


Innate Abilities, Weirdness & Mutations

You have a pair of large horns on your head.
You reflexively headbutt those who attack you in melee.
You have an increased reservoir of magic. (+10% MP)
You are weak. (Str -2)


   Skills:
 + Level 5.2 Fighting
 + Level 4.3 Axes
 + Level 2.8 Throwing
 + Level 5.1 Armour
 + Level 3.1 Dodging
 + Level 5.1 Shields


You had 6 spell levels left.
You didn't know any spells.
Your spell library contained the following spells:

 Spells                   Type           Power      Damage    Failure   Level
 Magic Dart               Conj           0%         1d3       100%        1
 Corpse Rot               Necr/Air       0%         N/A       100%        2
 Poisonous Vapours        Pois/Air       0%         N/A       100%        2
 Searing Ray              Conj           0%         2d4       100%        2
 Fulminant Prism          Conj/Hex       0%         3d6       100%        4

Inventory:

Hand Weapons
 a - a +0 war axe {axe}
 n - a +2 hand axe of electrocution (weapon) {axe}
   (You found it on level 2 of the Dungeon)
 z - a +4 quarterstaff of chaos {staff}
   (You took it off Crazy Yiuf on level 4 of the Dungeon)
Missiles
 q - 4 atropa-tipped darts (quivered) {throwing}
Armour
 c - a +0 buckler (worn)
 f - a +0 chain mail (worn)
   (You found it on level 1 of the Dungeon)
 y - a +0 cloak
   (You took it off Crazy Yiuf on level 4 of the Dungeon)
Jewellery
 e - a ring of willpower (left hand)
   (You found it on level 1 of the Dungeon)
 h - a ring of willpower (right hand)
   (You found it on level 1 of the Dungeon)
Scrolls
 b - 2 scrolls of magic mapping {unknown}
 g - 3 scrolls of amnesia {unknown}
 j - 2 scrolls of enchant armour {unknown}
 k - a scroll of vulnerability {unknown}
 o - 2 scrolls of fog {unknown}
 s - a scroll of enchant weapon {unknown}
 t - a scroll of teleportation {unknown}
 u - 4 scrolls of identify {unknown}
 w - a scroll of immolation {unknown}
Potions
 d - 3 potions of might
 i - a potion of brilliance {unknown}
 l - a potion of heal wounds {unknown}
 m - a potion of resistance {unknown}
 p - a potion of ambrosia {unknown}
 r - a potion of mutation {!q}
 v - a potion of degeneration {unknown}
 x - 2 potions of curing {unknown}

Dungeon Overview and Level Annotations

Branches:
Dungeon (6/15)
 Temple: D:4-7

Altars:

Shops:
D:3

!
.###+#####+####
...$..........#
..............#
..............#
.......yy.....#
#......@......#
############...


You could see 2 killer bees.


Message History

The ball python closely misses you. 😕 HP[-3]
You take 3 damage, and now have 53/56 hp.
You slash the ball python!
You kill the ball python!
There is an open door here. 😕 HP[+1]
You now have 202 gold pieces (gained 17).
A killer bee and a water moccasin zombie come into view.
The killer bee buzzes angrily.
You hear a bark!
A killer bee comes into view.
A dart slug comes into view. x2 2 killer bees and a hound come into view.
The killer bee buzzes angrily.
The hound barks!
The water moccasin zombie bites you but does no damage.
An iguana comes into view.
You see here a puce potion.
You hit the water moccasin zombie. The killer bee stings you.
The water moccasin zombie bites you.
The hound pauses to sniff the ground. 😕 HP[-2]
You take 2 damage, and now have 52/56 hp.
The killer bee stings you but does no damage.
A killer bee comes into view.
You closely miss the killer bee.
The killer bee buzzes angrily.
You hear an angry hiss.
The killer bee stings you but does no damage.
The killer bee misses you. You furiously retaliate!
You headbutt the killer bee, but do no damage.
A killer bee comes into view.
The killer bee stings you.
You are poisoned.
The killer bee poisons you! 😕 HP[-3]
You take 3 damage, and now have 49/56 hp.
You miss the killer bee.
You feel sick.
The killer bee buzzes angrily.
The killer bee stings you. 😕 HP[-3]
You take 3 damage, and now have 46/56 hp.
You slash the killer bee!
Lightning courses through the killer bee!
You kill the killer bee!
You feel sick. The killer bee stings you.
You are more poisoned.
The killer bee poisons you! The killer bee stings you.
A scorpion comes into view.
You have reached level 7! 😮 HP[-4] MP[+1]
You now have 61 max hp (+5).
Your mp is fully restored (6).
You feel sick. 😮 HP[-2]
You take 2 damage, and now have 40/61 hp.
You feel sick. The killer bee stings you!
* * * LOW HITPOINT WARNING * * *
The killer bee stings you but does no damage. 😨 HP[-10]
You take 10 damage, and now have 30/61 hp.
You feel sick. The killer bee stings you.
* * * LOW HITPOINT WARNING * * *
😨 HP[-2]
You take 2 damage, and now have 28/61 hp.
You feel sick. The killer bee closely misses you. You furiously retaliate!
You headbutt the killer bee! 😨 HP[-1]
You take 1 damage, and now have 27/61 hp.
You feel sick.
The killer bee stings you but does no damage.
There is a stone staircase leading down here. 😨 HP[-1]
You take 1 damage, and now have 26/61 hp.
You feel sick. The killer bee stings you.
* * * LOW HITPOINT WARNING * * *
The killer bee barely misses you. You furiously retaliate!
You headbutt the killer bee! You block the killer bee's attack.
You climb downwards.
You feel sick.
There is a stone staircase leading up here. 😨 HP[-3]
You take 3 damage, and now have 23/61 hp.
You barely miss the killer bee. You miss the killer bee.
You feel sick. The killer bee stings you.
* * * LOW HITPOINT WARNING * * *
The killer bee stings you.
* * * LOW HITPOINT WARNING * * *
You are more poisoned.
The killer bee poisons you! The killer bee stings you.
* * * LOW HITPOINT WARNING * * *
You are more poisoned.
The killer bee poisons you! The killer bee stings you.
* * * LOW HITPOINT WARNING * * *
The killer bee stings you.
* * * LOW HITPOINT WARNING * * *
You are more poisoned.
The killer bee poisons you! 😱 HP[-20]
You take 20 damage, and now have 3/61 hp.
MASSIVE DAMAGE!! (PAUSE) It was a potion of mutation.
You feel extremely strange. The horns on your head grow some more.
You feel more energetic.
You feel weaker.
You die...

Skill      XL: |  1  2  3  4  5  6 |
---------------+-------------------+-----
Dodging        | 1 2 3 |  3.1
Fighting       | 4 5 |  5.2
Armour         | 4 5 |  5.1
Throwing       | 1 2 |  2.8
Axes           | 3 4 |  4.3
Shields        | 4 5 |  5.1

Action                   |  1- 3 |  4- 6 |  7- 9 || total
-------------------------+-------+-------+-------++-------
Melee: War axe           |    36 |       |       ||    36
       Headbutt          |     6 |    13 |       ||    19
       Hand axe          |    29 |   135 |     1 ||   165
Throw: Dart              |       |     2 |       ||     2
  Use: Potion            |       |       |     1 ||     1
Armor: Chain mail        |    39 |    63 |     2 ||   104
       Scale mail        |     1 |       |       ||     1
Dodge: Dodged            |    27 |    53 |     2 ||    82
Block: Buckler           |    18 |    42 |     1 ||    61

Levels and vault maps discovered:
D:1:      dpeg_arrival_castle, layout_rooms, serial_bayou_lagoon_a
D:2:      minmay_razor_zed, layout_basic
D:3:      layout_basic, serial_shops, nicolae_shop_hallway_stairs,
          basic_ecumenical_altar
D:4:      layout_gridville, corexii_item_surrounded_by_moat,
          uniq_crazy_yiuf_cottage
D:5:      layout_loops_cross, hellmonk_ghost_happy_afterlife,
          saegor_snake_ambush
D:6:      layout_gridville, uniq_duvessa

Notes
Turn   | Place    | Note
-------+----------+-------------------------------------------
     0 | D:1      | Faeu the Minotaur Fighter began the quest for the Orb.
     0 | D:1      | Reached XP level 1. HP: 19/19 MP: 0/0
     0 | D:1      | magus.rc [v1.9.6]
   232 | D:1      | Reached XP level 2. HP: 27/27 MP: 1/1
   641 | D:2      | Reached skill level 1 in Dodging
   695 | D:2      | Reached XP level 3. HP: 29/33 MP: 2/2
   768 | D:2      | Reached skill level 4 in Fighting
   768 | D:2      | Reached skill level 4 in Armour
   861 | D:2      | Reached skill level 1 in Throwing
   887 | D:2      | Reached skill level 3 in Axes
   887 | D:2      | Reached skill level 4 in Shields
  1024 | D:2      | Reached XP level 4. HP: 40/40 MP: 3/3
  1045 | D:2      | You pick up a book of Vapours and begin reading...
  1045 | D:2      | You add the spells Poisonous Vapours and Corpse Rot to your
                  | library.
  1612 | D:3      | Reached XP level 5. HP: 47/47 MP: 4/4
  1628 | D:3      | Found Vole's Distillery.
  1774 | D:3      | Reached skill level 2 in Dodging
  1963 | D:3      | Found a faded altar of an unknown god.
  2015 | D:3      | You pick up a book of Conjurations {@e2} and begin
                  | reading...
  2015 | D:3      | You add the spells Magic Dart, Searing Ray and Fulminant
                  | Prism to your library.
  2230 | D:4      | Reached skill level 2 in Throwing
  2421 | D:4      | Noticed an ogre
  2429 | D:4      | Killed an ogre
  2430 | D:4      | Reached XP level 6. HP: 53/55 MP: 5/5
  2506 | D:4      | Reached skill level 4 in Axes
  2598 | D:4      | Found a runed translucent door.
  2599 | D:4      | Noticed Crazy Yiuf
  2807 | D:4      | Killed Crazy Yiuf
  2844 | D:5      | Entered Level 5 of the Dungeon
  2892 | D:5      | Reached skill level 5 in Fighting
  2892 | D:5      | Reached skill level 5 in Armour
  2927 | D:5      | Reached skill level 5 in Shields
  2930 | D:5      | Reached skill level 3 in Dodging
  3072 | D:5      | Reached XP level 7. HP: 42/61 MP: 6/6
  3079 | D:6      | HP: 10/61 [killer bee (6)]
  3079 | D:6      | HP: 3/61 [killer bee (2)]
  3080 | D:6      | Gained mutation: You have a pair of large horns on your
                  | head. [potion of mutation]
  3080 | D:6      | Gained mutation: You have an increased reservoir of magic.
                  | (+10% MP) [potion of mutation]
  3080 | D:6      | Gained mutation: You are weak. (Str -2) [potion of
                  | mutation]
  3080 | D:6      | Succumbed to a killer bee's poison

Vanquished Creatures
  An ogre (D:4)
  A wyvern zombie (D:5)
  A killer bee (D:5)
  A bullfrog zombie (D:3)
  Crazy Yiuf (D:4)
  A hound (D:4)
  2 iguanas
  10 adders
  3 gnolls (D:3)
  An adder skeleton (D:4)
  4 worms (D:2)
  A dart slug (D:1)
  An orc (D:5)
  3 bats
  9 endoplasms
  3 giant cockroaches
  7 goblins
  14 hobgoblins
  10 jackals
  5 kobolds
  2 quokkas (D:1)
  10 ball pythons
  5 frilled lizards
  3 rats
99 creatures vanquished.

Table legend:
 A = Non-vault XP
 B = Vault XP
 C = Vault XP percentage of total XP
 D = Non-vault monster count
 E = Vault monster count
 F = Vault count percentage of total count
                 A         B        C        D         E       F
            +---------+---------+-------+---------+---------+-------
      Total |     693 |     100 |  12.6 |      79 |      20 |  20.2
            +---------+---------+-------+---------+---------+-------
        D:1 |      25 |       0 |   0.0 |      13 |       0 |   0.0
        D:2 |      68 |      42 |  38.2 |      22 |      15 |  40.5
        D:3 |     146 |       0 |   0.0 |      22 |       0 |   0.0
        D:4 |     243 |      41 |  14.4 |      16 |       1 |   5.9
        D:5 |     211 |      17 |   7.5 |       6 |       4 |  40.0
            +---------+---------+-------+---------+---------+-------

Illustrated notes

Table legend:
 A = Kills in this place as a percentage of kills in entire the game.
 B = Kills by you in this place as a percentage of kills by you in the entire game.
 C = Kills by friends in this place as a percentage of kills by friends in the entire game.
 D = Other kills in this place as a percentage of other kills in the entire game.
 E = Experience gained in this place as a percentage of experience gained in the entire game.
 F = Experience gained in this place divided by the number of levels of this place that you have seen.
                   A       B       C       D       E      F
               +-------+-------+-------+-------+-------+----------------------
         Total | 100.0 | 100.0 |   N/A |   N/A | 100.0 | 132.2
       Dungeon | 100.0 | 100.0 |   N/A |   N/A | 100.0 | 132.2
               +-------+-------+-------+-------+-------+----------------------

Table legend: (Time is in decaauts)
 A = Elapsed time spent in this place.
 B = Non-inter-level travel time spent in this place.
 C = Inter-level travel time spent in this place.
 D = Time resting spent in this place.
 E = Time spent auto-exploring this place.
 F = Levels seen in this place.
 G = Mean time per level.
                   A        B        C        D        E       F      G
               +--------+--------+--------+--------+--------+-----+--------+
         Total |   3130 |   3025 |    105 |      0 |   1921 |   6 |  521.7 |
       Dungeon |   3130 |   3025 |    105 |      0 |   1921 |   6 |  521.7 |
               +--------+--------+--------+--------+--------+-----+--------+

Top non-repeatable levels by time:
     D:2: 822 daAuts
     D:3: 801 daAuts
     D:4: 632 daAuts
     D:1: 629 daAuts
     D:5: 242 daAuts
     D:6: 1 daAuts
